 Dungeon Crawl Stone Soup version 0.31.0-12-g77e489cdc1 (webtiles) character file.

Game seed: 17269236410446142832

133 H0rd4k the Charlatan (level 5, 0/33 HPs)
             Began as an Octopode Artificer on Mar 7, 2024.
             Slain by an orc
             ... wielding a +0 mace
              (2 damage)
             ... on level 3 of the Dungeon.
             The game lasted 00:01:34 (1548 turns).

H0rd4k the Charlatan (Octopode Artificer)           Turns: 1548, Time: 00:01:34

Health: 0/33       AC:  1    Str: 11    XL:     5   Next: 16%
Magic:  5/5        EV: 13    Int: 16    God:
Gold:   106        SH:  0    Dex: 12    Spells: 4/4 levels left

rFire   . .          .
                       - Unarmed
rCold   . . .        (no shield)
rNeg    . . .        (helmet restricted)
rPois   .            (no amulet)
rElec   .            (no ring)
rCorr   .            (no ring)
SInv    .            (no ring)
Will    .....        (no ring)
Stlth   +++          (no ring)
HPRegen 0.25/turn    (no ring)
MPRegen 0.09/turn    (no ring)
                     (no ring)

%: no passive effects
@: no status effects
A: almost no armour, amphibious, 8 rings, camouflage 1, gelatinous body 1,
(nimble swimmer 1), tentacles
a: no special abilities


You were on level 3 of the Dungeon.
You visited 1 branch of the dungeon, and saw 3 of its levels.

You collected 106 gold pieces.

Inventory:

Missiles
 i - 6 poisoned darts
Wands
 b - a wand of flame (15) (quivered)
 c - a wand of charming (10)
 d - a wand of iceblast (3)
Scrolls
 a - a scroll of identify {unknown}
 f - a scroll of vulnerability {unknown}
 h - a scroll of butterflies {unknown}
 j - a scroll of immolation {unknown}
Potions
 e - a potion of berserk rage {unknown}
 g - a potion of enlightenment {unknown}
 k - a potion of mutation {unknown}
 l - a potion of curing {unknown}


   Skills:
 + Level 1.1 Fighting
 + Level 2.8 Dodging
 + Level 4.0 Stealth
 + Level 2.2 Unarmed Combat
 + Level 4.2 Evocations


You had 4 spell levels left.
You didn't know any spells.
Your spell library contained the following spells:

 Spells                   Type           Power      Damage    Failure   Level
 Necrotise                Necr           0%         1d4       26%         1
 Vampiric Draining        Necr           0%         2d6       58%         3
 Martyr's Knell           Necr/Summ      0%         N/A       94%         4
 Curse of Agony           Necr           0%         N/A       100%        5


Dungeon Overview and Level Annotations

Branches:
Dungeon (3/15)

Altars:
Dithmenos


Innate Abilities, Weirdness & Mutations

You cannot wear most types of armour.
You are amphibious.
You can wear up to eight rings at the same time.
Your skin changes colour to match your surroundings (Stealth+).
Your rubbery body absorbs attacks. (AC +1, EV +1)
((You are camouflaged when in or above water. (Stealth+)))
You have tentacles for arms and can constrict up to eight enemies at once.


Message History

The orc hits your orc with a +0 hand axe!
Your orc dies!
The orc hits your orc with a +0 hand axe.
Your orc hits the orc with a +0 hand axe. x2
The orc barely misses your orc.
Your orc barely misses the orc.
Your orc hits the orc but does no damage. x2
A quokka comes into view.
You hear the slow rusting of a very distant drain.
The orc barely misses your orc.
Your orc barely misses the orc. x3
The orc hits your orc with a +0 hand axe.
Your orc dies!
Aiming: Charm
Press: ? - help, Shift-Dir - straight line, f - quokka
Aim: a quokka (asleep, chance to affect: 75%)
The quokka is charmed.
Unknown command.
You swap places.
Found a shadowy altar of Dithmenos.
The orc hits your quokka with a +0 mace!
Your quokka dies!
Found a mace.
What are your orders? t - Shout!
Orders for allies: a - Attack new target. r - Retreat! s - Stop attacking. g - Guard the area. f - Follow me.
Anything else - Cancel.
Guard this area!
You tentacle-slap the orc but do no damage.
You grab the orc.
The orc is moderately wounded.
You constrict the orc, but do no damage.
The orc hits you with a +0 mace.
* * * LOW HITPOINT WARNING * * *
Aiming: Charm
Press: ? - help, Shift-Dir - straight line, f - orc
Aim: an orc, wielding a +0 mace and wearing a +0 ring mail (moderately wounded, constricted by you, chance to affect: 75%)
The orc struggles to resist.
You constrict the orc, but do no damage.
The orc hits you with a +0 mace.
You die...

#..≈≈)..≈≈
#....._...
#..≈≈...≈≈
#..≈.....≈
##....≈.≈..
#....≈≈.≈≈.
#..........
#..@.......
#.oo..#####
#..†..#
#.#o###
#.#.# #.#.#
#.#.##
#....#
###..#


You could see 3 orcs.

Vanquished Creatures
  Terence (D:2)
  3 adders
  A dart slug (D:2)
  A bat (D:2)
  4 endoplasms
  3 giant cockroaches (D:1)
  3 goblins
  5 hobgoblins
  3 jackals (D:2)
  2 quokkas
  4 ball pythons
  3 frilled lizards
  2 kobolds
  6 rats
41 creatures vanquished.

Vanquished Creatures (collateral kills)
  An orc priest (D:3)
  3 orcs (D:3)
4 creatures vanquished.

Vanquished Creatures (others)
  2 orcs (D:3)
  A quokka (D:3)
3 creatures vanquished.

Grand Total: 48 creatures vanquished

Notes
Turn   | Place    | Note
-------+----------+-------------------------------------------
     0 | D:1      | H0rd4k the Octopode Artificer began the quest for the Orb.
     0 | D:1      | Reached XP level 1. HP: 13/13 MP: 1/1
   246 | D:1      | Reached XP level 2. HP: 18/18 MP: 2/2
   870 | D:2      | Reached XP level 3. HP: 23/23 MP: 3/3
  1088 | D:2      | Reached skill level 1 in Unarmed Combat
  1190 | D:2      | Found a faded altar of an unknown god.
  1204 | D:2      | Noticed Terence
  1211 | D:2      | Killed Terence
  1212 | D:2      | Reached XP level 4. HP: 20/28 MP: 4/4
  1514 | D:3      | Reached XP level 5. HP: 15/33 MP: 5/5
  1544 | D:3      | Found a shadowy altar of Dithmenos.
  1548 | D:3      | Slain by an orc

Illustrated notes

Levels and vault maps discovered:
D:1:      shiori_arrival_oz, layout_loops_ring
D:2:      layout_rooms, nicolae_ecumenical_lake_church, uniq_terence
D:3:      layout_loops_ring, mainiacjoe_overflow_small_starburst,
          portal_sewer_entry_d, serial_bayou_lake_a, uniq_natasha

Skill      XL: |  1  2  3  4 |
---------------+-------------+-----
Evocations     | 4 |  4.2
Stealth        | 2 3 4 |  4.0
Unarmed Combat | 1 2 |  2.2
Fighting       | |  1.1
Dodging        | |  2.8

Action                     |  1- 3 |  4- 6 || total
---------------------------+-------+-------++-------
  Melee: Unarmed           |    91 |    16 ||   107
         Tentacles         |    22 |     1 ||    23
         Constrict         |    21 |     4 ||    25
         Punch             |     2 |       ||     2
  Evoke: Wand              |     2 |     5 ||     7
   Stab: Sleeping          |    10 |       ||    10
 Armour: Skin              |    26 |    16 ||    42
  Dodge: Dodged            |    53 |    14 ||    67
